cohdb
Replays
Latest Replays
All Replays
Popular Replays
Top Player Replays
Match Explorer
How It Works
Community
CoH3 Stats
Reddit
Sign in to upload your games and track your stats! →
Sign in with Steam
Match 45483373
Unlisted
Match 45483373
Overview
Messages
Build Orders
End
Construct Barracks
Selects Heavy Weapons
Riflemen Squad
Riflemen Squad
M1 Mortar Team
Riflemen Squad
Construct Weapon Support Center
Infantry Support Center
Construct Medical Station
Selects M2HB .50cal Heavy Machine Gun
M1919 Machine Gun Team
Selects Gallant Stand
M1918 Browning Automatic Rifles
Grenade Package
Riflemen Squad
Advanced Logistics
Selects Rapid Reposition
Construct Tank Depot
M4(105) Sherman Bulldozer
Selects Black Dragon Artillery Barrage
Munitions Surplus
Black Dragon Artillery Barrage
M4(105) Sherman Bulldozer
Selects Assault Carriers
Selects Exchangeable Parts
Engineer Squad
란카
bigmac
新年辞旧喜洋洋
TommeLee
TIE avenger
Kanna Scarlet
mayomeyo
mimq
0
0
Comments
sign in to comment!
No comments posted yet!